PCL
ALBUQUERQUE ISOTOPES @ HOUSTON HAMMERTIME
09/15/2029
 
TOP OF THE 1ST
Albuquerque Isotopes batting - Pitching for Houston Hammertime : LHP Martin White
Pitching: LHP Martin White
Batting: RHB Javier Peña 0-0: SINGLE (Flyball, 8RS)
Batting: LHB Wally Harris 0-0: Called Strike
0-1: Called Strike
0-2: Ball
1-2: Fly out, F9 (Flyball, 89M)
Batting: RHB Piotr Zahn Pickoff Throw to First - Error! E1
Javier Peña to second
0-0: Ball
Javier Peña steals 3rd base
1-0: Ball
2-0: Foul Ball, location: 2F
2-1: Ball
3-1: 2-RUN HOME RUN (Flyball, 9LD), Distance : 328 ft
Batting: SHB Manuel Hegnauer 0-0: Called Strike
0-1: Called Strike
0-2: SINGLE (Line Drive, 9LS)
Batting: LHB Héctor Cruz 0-0: Called Strike
0-1: Foul Ball, location: 2F
0-2: Ball
1-2: Foul Ball, location: 2F
1-2: Strikes out swinging
Batting: RHB Luis Ortega 0-0: Called Strike
0-1: Ball
1-1: Ball
Manuel Hegnauer is caught stealing 2nd base
Top of the 1st over - 2 runs, 3 hits, 1 error, 0 left on base; Albuquerque 2 - Houston 0
BOTTOM OF THE 1ST
Houston Hammertime batting - Pitching for Albuquerque Isotopes : RHP Germán Hernández
Pitching: RHP Germán Hernández
Batting: LHB Enrique Valentín 0-0: Called Strike
0-1: Ball
1-1: Ball
2-1: Called Strike
2-2: Ball
3-2: Strikes out looking
Batting: LHB António Camacho 0-0: Ball
1-0: Fly out, F7 (Line Drive, 78D)
Batting: RHB Juan Carlos 0-0: Ball
1-0: Ball
2-0: SOLO HOME RUN (Flyball, 78XD), Distance : 377 ft
Batting: LHB Frank Geddes 0-0: Swinging Strike
0-1: Foul Ball, location: 2F
0-2: Ball
1-2: Strikes out swinging
Bottom of the 1st over - 1 run, 1 hit, 0 errors, 0 left on base; Albuquerque 2 - Houston 1
TOP OF THE 2ND
Albuquerque Isotopes batting - Pitching for Houston Hammertime : LHP Martin White
Batting: RHB Luis Ortega 0-0: Ball
1-0: Foul Ball, location: 2F
1-1: Called Strike
1-2: Ground out 3-1 (Groundball, 34)
Batting: RHB Kelly Graham 0-0: Fly out, F8 (Flyball, 8LM)
Batting: RHB Martín López 0-0: Ball
1-0: Fly out, F6 (Flyball, 6D)
Top of the 2nd over - 0 runs, 0 hits, 0 errors, 0 left on base; Albuquerque 2 - Houston 1
BOTTOM OF THE 2ND
Houston Hammertime batting - Pitching for Albuquerque Isotopes : RHP Germán Hernández
Batting: RHB David Hernández 0-0: Ball
1-0: Ball
2-0: Foul Ball, location: 2F
2-1: Foul Ball, location: 2F
2-2: Ground out 4-3 (Groundball, 4MS)
Batting: RHB Alfredo Cortéz 0-0: Ball
1-0: Swinging Strike
1-1: Ball
2-1: Ground out 4-3 (Groundball, 4)
Batting: LHB Raúl Casillán 0-0: DOUBLE (Line Drive, 78XD)
Batting: RHB Santo Cruz 0-0: Ground out 1-3 (Groundball, 13)
Bottom of the 2nd over - 0 runs, 1 hit, 0 errors, 1 left on base; Albuquerque 2 - Houston 1
TOP OF THE 3RD
Albuquerque Isotopes batting - Pitching for Houston Hammertime : LHP Martin White
Batting: LHB Burt Ward 0-0: Ball
1-0: Swinging Strike
1-1: SINGLE (Groundball, 34S) (infield hit)
Batting: RHB Javier Peña 0-0: Called Strike
0-1: Ball
1-1: Ball
2-1: Swinging Strike
2-2: Ball
3-2: Base on Balls
Burt Ward to second
Batting: LHB Wally Harris 0-0: Ball
1-0: Called Strike
1-1: Ball
2-1: Fielders Choice at 2nd, 6-4 (Groundball, 6M)
Burt Ward to third
Batting: RHB Piotr Zahn 0-0: Called Strike
0-1: Ball
1-1: Grounds into double play, 5-4-3 (Groundball, 56)
Top of the 3rd over - 0 runs, 1 hit, 0 errors, 1 left on base; Albuquerque 2 - Houston 1
BOTTOM OF THE 3RD
Houston Hammertime batting - Pitching for Albuquerque Isotopes : RHP Germán Hernández
Batting: RHB Raúl Salas 0-0: Called Strike
0-1: Called Strike
0-2: Fly out, F7 (Flyball, 7S)
Batting: LHB Enrique Valentín 0-0: Ball
1-0: Ball
2-0: Ball
3-0: Called Strike
3-1: Base on Balls
Batting: LHB António Camacho 0-0: Ball
1-0: Ball
2-0: Called Strike
2-1: Fly out, F6 (Line Drive, 56)
Lined into DP, 6-3 (Line Drive, 56)
Bottom of the 3rd over - 0 runs, 0 hits, 0 errors, 0 left on base; Albuquerque 2 - Houston 1
TOP OF THE 4TH
Albuquerque Isotopes batting - Pitching for Houston Hammertime : LHP Martin White
Batting: SHB Manuel Hegnauer 0-0: Ground out 4-3 (Groundball, 4)
Batting: LHB Héctor Cruz 0-0: Ball
1-0: Called Strike
1-1: Ground out 4-3 (Groundball, 4)
Batting: RHB Luis Ortega 0-0: Ball
1-0: Foul Ball, location: 2F
1-1: SINGLE (Line Drive, 4D)
Batting: RHB Kelly Graham 0-0: Swinging Strike
0-1: Foul Ball, location: 2F
0-2: Ball
1-2: SINGLE (Groundball, 3D)
Luis Ortega to second
Runner from 2nd tries for 3rd, SAFE, no throw
Batting: RHB Martín López 0-0: Called Strike
0-1: Fielders Choice at 2nd, 6-4 (Groundball, 56)
Top of the 4th over - 0 runs, 2 hits, 0 errors, 2 left on base; Albuquerque 2 - Houston 1
BOTTOM OF THE 4TH
Houston Hammertime batting - Pitching for Albuquerque Isotopes : RHP Germán Hernández
Batting: RHB Juan Carlos 0-0: Ball
1-0: SINGLE (Popup, 34D)
Batting: LHB Frank Geddes 0-0: Ball
1-0: Called Strike
1-1: Ball
2-1: Foul Ball, location: 2F
2-2: 2-RUN HOME RUN (Flyball, 7D), Distance : 343 ft
Batting: RHB David Hernández 0-0: Ground out 6-3 (Groundball, 6)
Batting: RHB Alfredo Cortéz 0-0: Ball
1-0: Called Strike
1-1: Ground out 1-3 (Groundball, 13)
Batting: LHB Raúl Casillán 0-0: Ball
1-0: Called Strike
1-1: Ball
2-1: Called Strike
2-2: Strikes out looking
Bottom of the 4th over - 2 runs, 2 hits, 0 errors, 0 left on base; Albuquerque 2 - Houston 3
TOP OF THE 5TH
Albuquerque Isotopes batting - Pitching for Houston Hammertime : LHP Martin White
Batting: LHB Burt Ward 0-0: Called Strike
0-1: Ball
1-1: Ball
2-1: Foul Ball, location: 2F
2-2: Strikes out swinging
Batting: RHB Javier Peña 0-0: Ground out 4-3 (Groundball, 4M)
Batting: LHB Wally Harris 0-0: DOUBLE (Line Drive, 7LD)
Batting: RHB Piotr Zahn 0-0: Foul Ball, location: 2F
0-1: Called Strike
0-2: Ball
1-2: Ball
2-2: Ball
3-2: Foul Ball, location: 2F
3-2: Strikes out swinging
Top of the 5th over - 0 runs, 1 hit, 0 errors, 1 left on base; Albuquerque 2 - Houston 3
BOTTOM OF THE 5TH
Houston Hammertime batting - Pitching for Albuquerque Isotopes : RHP Germán Hernández
Batting: RHB Santo Cruz 0-0: SINGLE (Line Drive, 6D)
Batting: RHB Raúl Salas 0-0: Ball
1-0: Fly out, F3 (Flyball, 3D)
Batting: LHB Enrique Valentín 0-0: Fly out, F4 (Popup, 4S)
Batting: LHB António Camacho 0-0: Called Strike
0-1: Swinging Strike
0-2: SINGLE (Groundball, 56D)
Santo Cruz to second
Batting: RHB Juan Carlos 0-0: Called Strike
0-1: Foul Ball, location: 2F
0-2: Ball
1-2: Ball
2-2: Ball
3-2: Ground out 5-3 (Groundball, 56)
Bottom of the 5th over - 0 runs, 2 hits, 0 errors, 2 left on base; Albuquerque 2 - Houston 3
TOP OF THE 6TH
Albuquerque Isotopes batting - Pitching for Houston Hammertime : LHP Martin White
Batting: SHB Manuel Hegnauer 0-0: Ball
1-0: Called Strike
1-1: Swinging Strike
1-2: TRIPLE (Groundball, 3L)
Pitching: RHP Jesús Mendoza
Batting: LHB Héctor Cruz 0-0: Ball
1-0: Foul Ball, location: 2F
1-1: Called Strike
1-2: Ball
Passed Ball!
Manuel Hegnauer scores
2-2: Ball
3-2: Foul Ball, location: 2F
3-2: Base on Balls
Batting: RHB Luis Ortega 0-0: Ball
1-0: SINGLE (Groundball, 56S) (infield hit)
Héctor Cruz to second
Batting: RHB Kelly Graham 0-0: Ball
1-0: Ball
2-0: Called Strike
2-1: Called Strike
2-2: Ball
3-2: Strikes out swinging
Batting: RHB Martín López 0-0: Called Strike
0-1: Foul Ball, location: 2F
0-2: Ball
1-2: Foul Ball, location: 2F
1-2: Grounds into double play, 6-4-3 (Groundball, 6)
Top of the 6th over - 1 run, 2 hits, 0 errors, 1 left on base; Albuquerque 3 - Houston 3
BOTTOM OF THE 6TH
Houston Hammertime batting - Pitching for Albuquerque Isotopes : RHP Germán Hernández
Batting: LHB Frank Geddes 0-0: Called Strike
0-1: Ball
1-1: Ball
2-1: Foul Ball, location: 2F
2-2: Strikes out looking
Batting: RHB David Hernández 0-0: Swinging Strike
0-1: Fly out, F3 (Popup, 3S)
Batting: RHB Alfredo Cortéz 0-0: Ball
1-0: Ground out 3-1 (Groundball, 34S)
Bottom of the 6th over - 0 runs, 0 hits, 0 errors, 0 left on base; Albuquerque 3 - Houston 3
TOP OF THE 7TH
Albuquerque Isotopes batting - Pitching for Houston Hammertime : RHP Jesús Mendoza
Batting: LHB Burt Ward 0-0: Ball
1-0: Fly out, F7 (Flyball, 7LM)
Batting: RHB Javier Peña 0-0: Called Strike
0-1: Swinging Strike
0-2: Ball
1-2: Ball
2-2: Ball
3-2: Strikes out swinging
Batting: LHB Wally Harris 0-0: Called Strike
0-1: Foul Ball, location: 2F
0-2: Ball
1-2: Foul Ball, location: 2F
1-2: Ball
2-2: Fly out, F7 (Flyball, 7LMF)
Top of the 7th over - 0 runs, 0 hits, 0 errors, 0 left on base; Albuquerque 3 - Houston 3
BOTTOM OF THE 7TH
Houston Hammertime batting - Pitching for Albuquerque Isotopes : RHP Germán Hernández
Batting: LHB Raúl Casillán 0-0: Called Strike
0-1: Ball
1-1: Swinging Strike
1-2: Ball
2-2: Ball
3-2: Base on Balls
Batting: RHB Santo Cruz 0-0: Ball
Raúl Casillán is caught stealing 2nd base
1-0: Ground out 5-3 (Groundball, 56S)
Batting: RHB Raúl Salas 0-0: Foul Ball, location: 2F
0-1: Called Strike
0-2: Foul Ball, location: 2F
0-2: Foul Ball, location: 2F
0-2: Ball
1-2: Strikes out swinging
Bottom of the 7th over - 0 runs, 0 hits, 0 errors, 0 left on base; Albuquerque 3 - Houston 3
TOP OF THE 8TH
Albuquerque Isotopes batting - Pitching for Houston Hammertime : RHP Jesús Mendoza
Batting: RHB Piotr Zahn 0-0: Ball
1-0: Foul Ball, location: 2F
1-1: Called Strike
1-2: Foul Ball, location: 2F
1-2: Foul Ball, location: 2F
1-2: Strikes out looking
Batting: SHB Manuel Hegnauer 0-0: SINGLE (Groundball, 6MD)
Pitching: RHP Jesse Moser
Batting: LHB Héctor Cruz 0-0: Ball
1-0: Called Strike
1-1: Ball
2-1: Grounds into double play, 6-4-3 (Groundball, 56)
Top of the 8th over - 0 runs, 1 hit, 0 errors, 0 left on base; Albuquerque 3 - Houston 3
BOTTOM OF THE 8TH
Houston Hammertime batting - Pitching for Albuquerque Isotopes : RHP Germán Hernández
Batting: LHB Enrique Valentín 0-0: Ball
1-0: Ball
2-0: Called Strike
2-1: Ball
3-1: Called Strike
3-2: Base on Balls
Batting: LHB António Camacho 0-0: Ball
1-0: Sac Bunt - play at first, batter OUT! 1-4
Enrique Valentín to second
Batting: RHB Juan Carlos 0-0: Ball
1-0: Ball
2-0: Ball
3-0: Base on Balls
Batting: LHB Frank Geddes 0-0: Called Strike
0-1: Ground out 3-1 (Groundball, 3S)
Enrique Valentín to third
Juan Carlos to second
Batting: RHB David Hernández 0-0: Ball
1-0: Ball
2-0: Fly out, F9 (Flyball, 9S)
Bottom of the 8th over - 0 runs, 0 hits, 0 errors, 2 left on base; Albuquerque 3 - Houston 3
TOP OF THE 9TH
Albuquerque Isotopes batting - Pitching for Houston Hammertime : RHP Jesse Moser
Pinch Hitting: LHB Fernando Ortíz 0-0: Ball
1-0: Ball
2-0: SOLO HOME RUN (Flyball, 9LD), Distance : 342 ft
Batting: RHB Kelly Graham 0-0: Ball
1-0: Ball
2-0: Swinging Strike
2-1: Swinging Strike
2-2: Ball
3-2: Foul Ball, location: 2F
3-2: Strikes out looking
Pitching: RHP Russell Cooper
Batting: RHB Martín López 0-0: Foul Ball, location: 2F
0-1: SOLO HOME RUN (Flyball, 7LD), Distance : 342 ft
Batting: LHB Burt Ward 0-0: Ball
1-0: Swinging Strike
1-1: Ball
2-1: Ball
3-1: Swinging Strike
3-2: Strikes out swinging
Pitching: RHP Carl Willis
Batting: RHB Javier Peña 0-0: Ball
1-0: Ball
2-0: Ball
3-0: Called Strike
3-1: Base on Balls
Batting: LHB Wally Harris 0-0: Fly out, F8 (Flyball, 8LD)
Top of the 9th over - 2 runs, 2 hits, 0 errors, 1 left on base; Albuquerque 5 - Houston 3
BOTTOM OF THE 9TH
Houston Hammertime batting - Pitching for Albuquerque Isotopes : RHP Germán Hernández
Now in RF: Fernando Ortíz
Batting: RHB Alfredo Cortéz 0-0: Ball
1-0: Ball
2-0: Called Strike
2-1: Foul Ball, location: 2F
2-2: Ball
3-2: Base on Balls
Batting: LHB Raúl Casillán 0-0: Swinging Strike
0-1: Ball
1-1: Ball
2-1: Ball
3-1: SINGLE (Line Drive, 4MD)
Alfredo Cortéz to second
Batting: RHB Santo Cruz 0-0: Ball
Wild Pitch!
Alfredo Cortéz to third
Raúl Casillán to second
1-0: Foul Ball, location: 2F
1-1: Swinging Strike
1-2: Ball
2-2: Foul Ball, location: 2F
2-2: Ball
3-2: Foul Ball, location: 2F
3-2: SINGLE (Line Drive, 8LS)
Alfredo Cortéz scores
Raúl Casillán to third
Pitching: LHP Alberto Ruíz
Batting: RHB Raúl Salas 0-0: Fly out, F8 (Flyball, 8RXD)
Runner from 3rd tags up, SCORES, no throw
Pinch Hitting: RHB Dan Mason 0-0: Ball
1-0: Called Strike
1-1: Ball
2-1: Swinging Strike
2-2: SINGLE (Groundball, 56)
Santo Cruz to second
Pinch Hitting: RHB Dan Hooper 0-0: Ball
1-0: Ball
2-0: Called Strike
2-1: Called Strike
2-2: Strikes out swinging
Batting: RHB Juan Carlos 0-0: Swinging Strike
0-1: Ball
1-1: Called Strike
1-2: Fly out, F7 (Line Drive, 7)
Bottom of the 9th over - 2 runs, 3 hits, 0 errors, 2 left on base; Albuquerque 5 - Houston 5
TOP OF THE 10TH
Albuquerque Isotopes batting - Pitching for Houston Hammertime : RHP Carl Willis
Now in LF: Dan Mason
Now in RF: Dan Hooper
Batting: RHB Piotr Zahn 0-0: Called Strike
0-1: Foul Ball, location: 2F
0-2: Ball
1-2: Ball
2-2: Foul Ball, location: 2F
2-2: Strikes out swinging, 2-3 out at first.
Batting: SHB Manuel Hegnauer 0-0: Called Strike
0-1: Ground out U3 (Groundball, 34)
Batting: LHB Héctor Cruz 0-0: Ball
1-0: Foul Ball, location: 2F
1-1: Ball
2-1: Ball
3-1: Base on Balls
Batting: LHB Fernando Ortíz 0-0: Ball
1-0: Called Strike
1-1: Foul Ball, location: 2F
1-2: SINGLE (Groundball, 3D)
Héctor Cruz to second
Runner from 2nd tries for 3rd, SAFE, no throw
Batting: RHB Kelly Graham 0-0: Ball
1-0: Foul Ball, location: 2F
1-1: Fly out, F9 (Flyball, 9S)
Top of the 10th over - 0 runs, 1 hit, 0 errors, 2 left on base; Albuquerque 5 - Houston 5
BOTTOM OF THE 10TH
Houston Hammertime batting - Pitching for Albuquerque Isotopes : LHP Alberto Ruíz
Batting: LHB Frank Geddes 0-0: Called Strike
0-1: Foul Ball, location: 2F
0-2: Ball
1-2: Foul Ball, location: 2F
1-2: Strikes out swinging
Batting: RHB David Hernández 0-0: SINGLE (Line Drive, 6MD)
Batting: RHB Alfredo Cortéz 0-0: Called Strike
0-1: Ball
1-1: Ball
2-1: Foul Ball, location: 2F
2-2: Foul Ball, location: 2F
2-2: Ball
3-2: Foul Ball, location: 2F
3-2: Foul Ball, location: 2F
3-2: Foul Ball, location: 2F
3-2: Foul Ball, location: 2F
3-2: Foul Ball, location: 2F
3-2: Foul Ball, location: 2F
3-2: SINGLE (Line Drive, 4M)
David Hernández to second
Batting: LHB Raúl Casillán 0-0: Ball
1-0: Foul Ball, location: 2F
1-1: Called Strike
1-2: Ball
2-2: Foul Ball, location: 2F
2-2: Ball
3-2: Fly out, F9 (Flyball, 9D)
Runner from 2nd tags up, SAFE at 3rd with throw
Batting: RHB Santo Cruz 0-0: Ball
1-0: Ball
2-0: SINGLE (Flyball, 78M)
David Hernández scores
Saturday, December 16th, 2017 - OOTP Baseball 18.8 Build 76